 Dungeon Crawl Stone Soup version 0.18-a0-1406-gf4880ca (webtiles) character file.

194 CopycatKevin the Insei (level 5, -1/41 HPs)
             Began as a Draconian Transmuter on Feb 24, 2016.
             Was an Initiate of Ru.
             Slain by an orc
             ... wielding a +0 hand axe
              (6 damage)
             ... on level 3 of the Dungeon.
             The game lasted 00:33:09 (4070 turns).

CopycatKevin the Insei (Draconian Transmuter)       Turns: 4070, Time: 00:33:09

Health: -1/41      AC:  2    Str: 12    XL:     5   Next: 44%
Magic:  1/9        EV: 21    Int: 14    God:    Ru [......]
Gold:   140        SH:  0    Dex: 17    Spells: 3 memorised, 4 levels left

rFire  . . .     SeeInvis .       - Unarmed
rCold  . . .     Gourm    .     (armour unavailable)
rNeg   . . .     Faith    .     (shield currently unavailable)
rPois  x         Spirit   .     (helmet currently unavailable)
rElec  .         Dismiss  .     (cloak currently unavailable)
rCorr  .         Reflect  .     (gloves currently unavailable)
SustAt .         Harm     .     (boots currently unavailable)
MR     .....                    (no amulet)
Stlth  ++........               (no ring)
                                (no ring)

@: spider-form, very slightly contaminated, not resistant to hostile
enchantments, unstealthy
A: unfitting armour, (cold-blooded), AC +5
a: End Transformation, Renounce Religion


You were on level 3 of the Dungeon.
You worshipped Ru.
Ru was noncommittal.
You were not hungry.
You were a venomous arachnid creature.
You visited 1 branch of the dungeon, and saw 3 of its levels.

You collected 140 gold pieces.

Inventory:

Missiles
 a - 21 arrows
Jewellery
 j - a +5 ring of protection {unknown}
Scrolls
 f - a scroll of enchant weapon
 l - 2 scrolls of identify
Potions
 d - 2 potions of curing
 e - a potion of heal wounds {unknown}
Books
 b - a book of Changes

   Spells                             Type                      Level
   a - Beastly Appendage              Transmutation                1
   b - Sticks to Snakes               Transmutation                2
   c - Spider Form                    Transmutation/Poison         3
   d - Ice Form                       Ice/Transmutation            4
   e - Blade Hands                    Transmutation                5
Comestibles
 c - 3 fruits
 h - a meat ration
 i - a bread ration


   Skills:
 + Level 1.8 Fighting
 + Level 3.0 Dodging
 + Level 0.2 Stealth
 + Level 3.7 Unarmed Combat
 + Level 3.0 Spellcasting
 + Level 3.3 Transmutations
 + Level 0.6 Poison Magic


You had 4 spell levels left.
You knew the following spells:

 Your Spells              Type           Power        Failure   Level  Hunger
a - Beastly Appendage     Trmt           ##....       17%         1    #......
b - Sticks to Snakes      Trmt           ##......     24%         2    ##.....
c - Spider Form           Trmt/Pois      #.........   52%         3    ###....


Dungeon Overview and Level Annotations

Branches:
Dungeon (3/15)

Altars:
Gozag
Ru


Innate Abilities, Weirdness & Mutations

((Your plain brown scales are hard (AC +5).))
Your body does not fit into most forms of armour.
((You are cold-blooded and may be slowed by cold attacks.))


Message History

The kobold throws a stone.
The stone misses you.
You feel better. The orc hits you with a hand axe.
* * * LOW HITPOINT WARNING * * *
The kobold closely misses you.
As you read the scroll labeled WIALAVO YFAIRR, it crumbles to dust.
You feel blessed for a moment.
It was a scroll of remove curse.
The orc hits you but does no damage. The kobold hits you but does no damage.
The kobold barely misses you.
Casting: Spider Form
Confirm with . or Enter, or press ? or * to list all spells.
You miscast Spider Form.
You are very lightly contaminated with residual magic.
You feel faint for a moment. The kobold barely misses you.
The orc hits you with a hand axe.
* * * LOW HITPOINT WARNING * * *
Casting: Spider Form
Confirm with . or Enter, or press ? or * to list all spells.
You turn into a venomous arachnid creature.
The kobold closely misses you. The orc hits you with a hand axe.
You die...

... #.# #.#
#.# #.# #.#
#K# #s# .
#o# ..
#S####### #(
#oK.....# #.
#.....?.#
#.#
#.......# #.
#..
#.#######
....#.)###.#
......o)##.#


You could see an adder, 2 orcs and 2 kobolds.

Vanquished Creatures
  2 orc priests (D:3)
  2 orc wizards (D:3)
  An adder (D:2)
  A worm (D:2)
  A dart slug (D:1)
  12 orcs
  2 giant cockroaches (D:1)
  5 goblins
  10 hobgoblins
  8 kobolds
  9 bats
  6 giant newts
  5 rats
64 creatures vanquished.

Vanquished Creatures (collateral kills)
  A goblin (D:1)
1 creature vanquished.

Grand Total: 65 creatures vanquished

Notes
Turn   | Place    | Note
--------------------------------------------------------------
     0 | D:1      | CopycatKevin the Draconian Transmuter began the quest for the Orb.
     0 | D:1      | Reached XP level 1. HP: 16/16 MP: 3/3
   331 | D:1      | Reached XP level 2. HP: 11/23 MP: 3/5
   713 | D:1      | Learned a level 2 spell: Sticks to Snakes
  1110 | D:1      | Reached XP level 3. HP: 6/28 MP: 1/6
  1805 | D:2      | Found a faded altar to an unknown god.
  2351 | D:2      | Found a sacrificial altar of Ru.
  2357 | D:2      | Found an opulent altar of Gozag.
  2379 | D:2      | Became a worshipper of Ru the Awakened
  2702 | D:2      | Learned a level 3 spell: Spider Form
  3510 | D:3      | Reached XP level 4. HP: 16/35 MP: 3/7
  3849 | D:3      | Reached XP level 5. HP: 17/41 MP: 1/9
  4054 | D:3      | HP: 1/41 [orc priest/nerve-wracking pain (3)]
  4070 | D:3      | Slain by an orc

Vault maps used:
D:1:      co_arrival_random_square_maze
D:2:      grunt_temple_overflow_open, ecumenical_altar_2,
          nicolae_underground_beach
D:3:      item_on_display_b, uniq_natasha

Skill      XL: |  1  2  3  4  5 |
---------------+----------------+-----
Dodging        | 2 3 |  3.0
Transmutations | 3 |  3.3
Spellcasting   | 3 |  3.0
Fighting       | |  1.8
Stealth        | |  0.2
Unarmed Combat | |  3.7
Poison Magic   | |  0.6

Action                   |  1- 3 |  4- 6 || total
-------------------------+-------+-------++-------
Melee: Unarmed           |   165 |    45 ||   210
       Dagger            |     7 |       ||     7
 Cast: Beastly Appendage |    46 |     1 ||    47
       Sticks to Snakes  |    10 |     2 ||    12
       Spider Form       |     4 |     6 ||    10
 Abil: End Transformatio |     2 |       ||     2
  Use: Scroll            |     3 |     1 ||     4
       Potion            |     1 |     4 ||     5
  Eat: Chunk             |     5 |       ||     5
       Bread ration      |     1 |       ||     1
       Meat ration       |     1 |       ||     1
